 Dungeon Crawl Stone Soup version 0.28-a0-589-g333b8329f1 (webtiles) character file.

Game seed: 1943138195405011101

36292 Heedrag the Cleaver (level 13, -5/116 HPs)
             Began as a Minotaur Fighter on Oct 3, 2021.
             Was the Champion of Okawaru.
             Slain by a komodo dragon (18 damage)
             ... on level 4 of the Lair of Beasts.
             The game lasted 00:33:03 (20980 turns).

Heedrag the Cleaver (Minotaur Fighter)             Turns: 20980, Time: 00:33:03

Health: -5/116     AC: 16    Str: 26    XL:     13   Next: 52%
Magic:  17/18      EV: 13    Int:  5    God:    Okawaru [******]
Gold:   1087       SH:  7    Dex: 16    Spells: 12/12 levels left

rFire   + . .      SeeInvis .   O - +1 spear (venom)
rCold   + . .      Faith    .   c - +0 buckler
rNeg    . . .      Spirit   .   k - +0 chain mail
rPois   .          Reflect  .   o - +1 hat
rElec   .          Harm     .   Z - scarf {rC+ rF+}
rCorr   .          Rampage  .   q - +0 pair of gloves
Will    .....                   p - +0 pair of boots
Stlth   ..........              (no amulet)
HPRegen 0.29/turn               e - +6 ring of dexterity
MPRegen 0.16/turn               E - ring of flight

@: flying
A: horns 2, retaliatory headbutt
a: Renounce Religion, Heroism, Finesse, Duel


You were on level 4 of the Lair of Beasts.
You worshipped Okawaru.
Okawaru was exalted by your worship.
You visited 3 branches of the dungeon, and saw 17 of its levels.
You also visited: Ossuary and Ice Cave.

You collected 1087 gold pieces.

Inventory:

Hand Weapons
 a - a +0 scimitar of flaming
   (You took it off Erica on level 1 of the Lair of Beasts)
 H - a +0 morningstar
   (You took it off an orc priest on level 7 of the Dungeon)
 O - a +1 spear of venom (weapon)
   (You took it off a gnoll sergeant on level 9 of the Dungeon)
 P - a +5 war axe of freezing
   (You took it off a wight on level 9 of the Dungeon)
 V - a +3 broad axe
   (You took it off Urug on level 11 of the Dungeon)
Missiles
 G - 24 poisoned darts
 I - 3 curare-tipped darts {!f}
 M - 2 throwing nets {!f}
 W - 8 boomerangs
 X - 3 javelins (quivered)
 Y - 2 datura-tipped darts
Armour
 b - a +0 scale mail
 c - a +0 buckler (worn)
 k - a +0 chain mail (worn)
   (You found it on level 4 of the Dungeon)
 o - a +1 hat (worn)
   (Okawaru gifted it to you on level 4 of the Lair of Beasts)
 p - a +0 pair of boots (worn)
   (You found it on level 4 of the Dungeon)
 q - a +0 pair of gloves (worn)
   (You found it on level 4 of the Dungeon)
 Z - a scarf of resistance (worn)
   (You found it on level 1 of the Lair of Beasts)
Jewellery
 e - a +6 ring of dexterity (left hand)
   (You found it on level 5 of the Dungeon)
 w - a ring of ice
   (You found it on level 5 of the Dungeon)
 E - a ring of flight (right hand)
   (You found it on level 6 of the Dungeon)
Wands
 d - a wand of iceblast (20)
   (You found it on level 10 of the Dungeon)
 u - a wand of paralysis (6)
   (You took it off Maurice on level 7 of the Dungeon)
 v - a wand of digging (13)
   (You found it on level 12 of the Dungeon)
Scrolls
 g - 2 scrolls of noise {unknown}
 h - 7 scrolls of teleportation {@r4}
 i - a scroll of torment {unknown}
 j - 3 scrolls of identify {@r1}
 m - 5 scrolls of magic mapping
 r - 4 scrolls of enchant weapon {unknown}
 t - 2 scrolls of immolation {unknown}
 y - 2 scrolls of fear {unknown}
 K - a scroll of holy word {unknown}
 L - 2 scrolls of acquirement {unknown}
 R - 3 scrolls of blinking {unknown}
Potions
 f - 4 potions of degeneration {unknown}
 l - 2 potions of flight {unknown}
 s - 8 potions of curing {@q1}
 z - a potion of experience {unknown}
 A - 4 potions of haste {@q3}
 B - 4 potions of heal wounds {@q2}
 F - 3 potions of attraction {unknown}
 J - a potion of cancellation {unknown}
 N - a potion of brilliance {unknown}
 S - a potion of berserk rage {unknown}
 U - 7 potions of might
Miscellaneous
 n - a box of beasts
   (You found it on level 3 of the Lair of Beasts)


   Skills:
 + Level 11.1 Fighting
 * Level 14.8 Axes
 + Level 6.1 Throwing
 + Level 11.2 Armour
 + Level 9.6 Dodging
 + Level 11.2 Shields
 + Level 8.0 Invocations


You had 12 spell levels left.
You didn't know any spells.
Your spell library contained the following spells:

 Spells                   Type           Power      Damage    Failure   Level
 Sting                    Tmut/Pois      0%         1d3       94%         1
 Blink                    Tloc           N/A        N/A       98%         2
 Poisonous Vapours        Pois/Air       0%         N/A       98%         2
 Static Discharge         Conj/Air       0%         N/A       98%         2
 Gell's Gravitas          Tloc           0%         N/A       100%        3
 Lesser Beckoning         Tloc           0%         N/A       100%        3
 Teleport Other           Tloc           0%         N/A       100%        3
 Hailstorm                Conj/Ice       0%         3d3       100%        4
 Ice Form                 Ice/Tmut       0%         N/A       100%        4
 Olgreb's Toxic Radiance  Pois           0%         N/A       100%        4
 Lightning Bolt           Conj/Air       0%         1d11      100%        5
 Manifold Assault         Tloc           0%         N/A       100%        5
 Storm Form               Tmut/Air       0%         N/A       100%        7
 Maxwell's Capacitive Co  Air            0%         ∞         100%        8
 Simulacrum               Ice/Necr       Unusable   N/A       N/A         6

Dungeon Overview and Level Annotations

Branches:
Dungeon (12/15)            Temple (1/1) D:5            Lair (4/6) D:8
  Snake (0/4) Lair:4          Orc (0/2) D:11        Ossuary (visited)
  IceCv (visited)
  Swamp: Lair:2-4    Shoals: Lair:2-4

Altars:
Ashenzari
Cheibriados
Dithmenos
Elyvilon
Fedhas
Gozag
Hepliaklqana
Kikubaaqudgha
Makhleb
Nemelex Xobeh
Okawaru
Qazlal
Ru
Sif Muna
Trog
Uskayaw
Vehumet
Wu Jian
Xom
Yredelemnul
Zin
The Shining One

Shops:
D:4 :   D:5 *   D:10 *

Annotations:
D:5 2 transporters


Innate Abilities, Weirdness & Mutations

You have a pair of horns on your head.
You reflexively headbutt those who attack you in melee.


Message History

* * * LOW HITPOINT WARNING * * *
The five-headed hydra barely misses you.
You hit the five-headed hydra but do no damage.
The five-headed hydra bites you but does no damage.
The five-headed hydra closely misses you.
The five-headed hydra barely misses you.
The five-headed hydra closely misses you.
The five-headed hydra bites you.
* * * LOW HITPOINT WARNING * * *
You hit the five-headed hydra.
The five-headed hydra is poisoned.
You headbutt the five-headed hydra.
Unknown command.
You feel much better.
The five-headed hydra closely misses you.
You block the five-headed hydra's attack. x2
The five-headed hydra barely misses you.
You block the five-headed hydra's attack.
You barely miss the five-headed hydra. You headbutt the five-headed hydra.
The five-headed hydra closely misses you.
You block the five-headed hydra's attack.
The five-headed hydra completely misses you.
The five-headed hydra bites you but does no damage. x2
You puncture the five-headed hydra!
You block the five-headed hydra's attack.
The five-headed hydra bites you.
* * * LOW HITPOINT WARNING * * *
You block the five-headed hydra's attack.
The five-headed hydra closely misses you.
The five-headed hydra bites you.
* * * LOW HITPOINT WARNING * * *
Unknown command.
You barely miss the five-headed hydra. The komodo dragon misses you.
You furiously retaliate!
You headbutt the komodo dragon.
Unknown command.
You puncture the five-headed hydra! You headbutt the five-headed hydra!
The five-headed hydra bites you but does no damage. x2
The five-headed hydra closely misses you.
The five-headed hydra bites you.
* * * LOW HITPOINT WARNING * * *
The five-headed hydra completely misses you.
The komodo dragon bites you!
* * * LOW HITPOINT WARNING * * *
Unknown command.
You puncture the five-headed hydra!
You kill the five-headed hydra!
Okawaru is honoured by your kill.
Your Invocations skill increases to level 8!
Okay, then.
You closely miss the komodo dragon. The komodo dragon bites you!!
You die...

#..Y..........≈≈≈.P
#..........D...≈≈≈.
#.........P..≈.≈≈≈
##......###.##P.≈≈
###....# ##)#..≈.
####(###.†..D..
#...##....... ###
#...##.......
##@#####.(#........
#..l##...#.........
#......P..#........
#.....##..##.......
#.....#...##.......
##P......... ...
#P........... ..
##.......P.#P.
#.......P####


You could see a komodo dragon.

Vanquished Creatures
  Harold (D:8)
  Fannar (Lair:1)
  2 hydras
  Erolcha (D:9)
  Erica (Lair:1)
  A catoblepas (Lair:4)
  7 two-headed ogres
  Urug (D:11)
  A deep elf pyromancer (D:12)
  3 manticores
  A cyclops (D:12)
  3 ugly things
  A salamander (shapeshifter) (D:12)
  Maurice (D:7)
  An elephant (D:8)
  A black mamba (Lair:1)
  Joseph (D:8)
  2 ice statues (IceCv)
  2 kobold demonologists
  7 cane toads
  2 unseen horrors
  Psyche (D:11)
  A rime drake (shapeshifter) (D:10)
  A rime drake (Lair:2)
  A freezing wraith (IceCv)
  6 komodo dragons
  A polar bear (Lair:3)
  Grinder (D:5)
  5 slime creatures (D:12)
  Prince Ribbit (D:7)
  2 wyverns
  A dire elephant simulacrum (IceCv)
  3 basilisks
  Grum (D:8)
  A steam dragon (Lair:3)
  28 yaks
  2 vampire mosquitoes (D:11)
  3 death yak simulacra (IceCv)
  A naga (Lair:4)
  2 acid dragons
  3 wargs (D:7)
  6 water moccasins
  6 orc warriors
  2 black bears
  7 ogres
  16 wolves
  3 centaurs
  A phantom (D:5)
  3 gnoll sergeants
  4 kobold brigands
  6 bullfrogs
  2 scorpions
  Blork the orc (D:5)
  A wyvern zombie (D:5)
  4 water moccasin zombies (Ossuary)
  A wyvern skeleton (D:6)
  4 killer bees (D:8)
  4 wights (D:9)
  3 electric eels (Lair:1)
  4 howler monkeys (D:7)
  A lava snake (D:11)
  6 centaur zombies
  2 bullfrog zombies
  8 orc priests
  2 jellies
  2 bullfrog skeletons (D:5)
  2 gnoll shamans
  12 hounds
  6 iguanas
  13 orc wizards
  A hound zombie (D:5)
  A hound skeleton (D:5)
  2 mummies (Ossuary)
  A howler monkey zombie (D:9)
  20 gnolls
  4 adders
  2 white imps
  2 adder zombies (Ossuary)
  2 worms
  4 dart slugs
  35 orcs
  7 endoplasms
  2 giant cockroaches
  6 gnoll zombies (Ossuary)
  5 goblins
  A hobgoblin (D:1)
  A quokka (D:4)
  2 ball pythons (D:2)
  5 bats
  11 frilled lizards
  3 hobgoblin zombies (Ossuary)
  10 kobolds
  6 kobold zombies (Ossuary)
  6 orc zombies (Ossuary)
  7 rats
384 creatures vanquished.

Vanquished Creatures (others)
  An orc wizard (D:7)
  6 demonic plants (D:2)
  10 fungi
  28 plants
  3 withered plants (D:2)
48 creatures vanquished.

Grand Total: 432 creatures vanquished

Notes
Turn   | Place    | Note
-------+----------+-------------------------------------------
     0 | D:1      | Heedrag the Minotaur Fighter began the quest for the Orb.
     0 | D:1      | Reached XP level 1. HP: 19/19 MP: 0/0
   281 | D:1      | Reached XP level 2. HP: 27/27 MP: 1/1
   359 | D:1      | Reached skill level 3 in Axes
   897 | D:2      | Reached skill level 1 in Dodging
   897 | D:2      | Reached XP level 3. HP: 31/33 MP: 2/2
  1054 | D:2      | Found an ornate altar of the Wu Jian Council.
  1576 | D:2      | Found a faded altar of an unknown god.
  1790 | D:3      | Reached XP level 4. HP: 40/40 MP: 3/3
  1940 | D:3      | Reached skill level 4 in Axes
  2501 | D:4      | Identified the +3 leather armour of the Iron City of Dis
                  | {-Tele Str+5}
  2625 | D:4      | Found Desyucwu's Self-Improvement Boutique.
  2740 | D:4      | Found a glowing golden altar of the Shining One.
  2740 | D:4      | Found a hide-covered altar of Uskayaw.
  2740 | D:4      | Found a stormy altar of Qazlal.
  2744 | D:4      | Reached XP level 5. HP: 36/47 MP: 4/4
  2969 | D:5      | Entered Level 5 of the Dungeon
  2969 | D:5      | Noticed Blork the orc
  2969 | D:5      | Found Usir's General Store.
  2973 | D:5      | Killed Blork the orc
  3052 | D:5      | Reached XP level 6. HP: 44/53 MP: 5/5
  3053 | D:5      | Reached skill level 5 in Axes
  3139 | D:5      | Found a staircase to the Ecumenical Temple.
  3153 | Temple   | Entered the Ecumenical Temple
  3162 | Temple   | Became a worshipper of Warmaster Okawaru
  3379 | D:5      | Reached skill level 5 in Fighting
  3379 | D:5      | Reached skill level 5 in Armour
  3415 | D:5      | Noticed Grinder
  3419 | D:5      | Paralysed by Grinder for 2 turns
  3425 | D:5      | Killed Grinder
  3425 | D:5      | Reached * piety under Okawaru
  3426 | D:5      | Reached skill level 6 in Axes
  3426 | D:5      | Reached skill level 5 in Shields
  3426 | D:5      | Reached XP level 7. HP: 37/61 MP: 6/6
  3711 | D:5      | Found an ancient bone altar of Kikubaaqudgha.
  3713 | D:5      | Noticed a wyvern
  3718 | D:5      | Found a transporter.
  3729 | D:5      | Found a transporter.
  4047 | D:5      | Reached ** piety under Okawaru
  4048 | D:5      | Reached skill level 1 in Invocations
  4048 | D:5      | Reached XP level 8. HP: 42/70 MP: 7/7
  4330 | D:5      | Reached skill level 7 in Axes
  5226 | D:6      | Reached skill level 8 in Axes
  5356 | D:6      | Found a sand-covered staircase.
  5361 | Ossuary  | Entered an ossuary
  5380 | Ossuary  | Reached XP level 9. HP: 78/78 MP: 10/10
  5389 | Ossuary  | Reached *** piety under Okawaru
  6465 | D:7      | Reached skill level 5 in Dodging
  6498 | D:7      | Reached skill level 9 in Axes
  6890 | D:7      | Reached **** piety under Okawaru
  7370 | D:7      | Reached XP level 10. HP: 76/86 MP: 12/12
  7471 | D:7      | Reached skill level 10 in Axes
  7475 | D:7      | Noticed a two-headed ogre
  7488 | D:7      | Killed a two-headed ogre
  7488 | D:7      | Reached ***** piety under Okawaru
  8414 | D:7      | Found a sparkling altar of Nemelex Xobeh.
  8829 | D:8      | Noticed Maurice
  8830 | D:8      | Noticed an elephant
  8830 | D:8      | Noticed Grum
  8843 | D:7      | Reached skill level 1 in Throwing
  8844 | D:7      | Paralysed by something for 6 turns
  8857 | D:7      | Paralysed by something for 6 turns
  8874 | D:7      | Killed Maurice
  8925 | D:8      | Noticed Joseph
  9173 | D:8      | Killed Grum
  9370 | D:8      | Killed an elephant
  9371 | D:8      | Reached skill level 5 in Invocations
  9419 | D:8      | Found a staircase to the Lair.
  9420 | D:8      | Noticed Prince Ribbit
  9450 | D:7      | Killed Prince Ribbit
  9565 | D:8      | Killed Joseph
  9566 | D:8      | Reached skill level 11 in Axes
 10181 | D:8      | Reached XP level 11. HP: 95/95 MP: 13/13
 10183 | D:8      | Received a gift from Okawaru
 10349 | D:8      | Noticed Harold
 10365 | D:8      | Killed Harold
 10700 | D:9      | Noticed Erolcha
 10708 | D:9      | Killed Erolcha
 11885 | D:9      | Found a burning altar of Makhleb.
 12031 | D:9      | Noticed a two-headed ogre
 12042 | D:9      | Killed a two-headed ogre
 12320 | D:10     | Entered Level 10 of the Dungeon
 12327 | D:10     | Noticed a two-headed ogre
 12337 | D:10     | Killed a two-headed ogre
 12564 | D:10     | Paralysed by a hornet for 2 turns
 12570 | D:10     | Reached skill level 12 in Axes
 12792 | D:10     | Noticed a two-headed ogre
 12801 | D:10     | Killed a two-headed ogre
 12901 | D:10     | Received a gift from Okawaru
 13014 | D:10     | Found Yjeplem's Gadget Gallery.
 13547 | D:11     | Noticed a two-headed ogre
 13556 | D:11     | Killed a two-headed ogre
 13777 | D:11     | Reached XP level 12. HP: 88/105 MP: 15/15
 13912 | D:11     | Noticed Urug
 13923 | D:11     | Killed Urug
 14242 | D:11     | Noticed Psyche
 14249 | D:11     | Killed Psyche
 14703 | D:11     | Found a staircase to the Orcish Mines.
 14774 | D:11     | Reached skill level 13 in Axes
 14774 | D:11     | Reached skill level 10 in Armour
 15018 | D:12     | Noticed a two-headed ogre
 15019 | D:12     | Received a gift from Okawaru
 15029 | D:12     | Killed a two-headed ogre
 15030 | D:12     | Reached skill level 10 in Shields
 15314 | D:12     | Reached skill level 10 in Fighting
 15515 | D:12     | Noticed a two-headed ogre
 15523 | D:12     | Killed a two-headed ogre
 16473 | Lair:1   | Entered Level 1 of the Lair of Beasts
 16480 | Lair:1   | Received a gift from Okawaru
 16505 | D:8      | Reached skill level 5 in Throwing
 16743 | Lair:1   | Reached ****** piety under Okawaru
 16961 | Lair:1   | Noticed Erica
 16979 | Lair:1   | Killed Erica
 16979 | Lair:1   | Received a gift from Okawaru
 17167 | Lair:1   | Noticed Fannar
 17179 | Lair:1   | Killed Fannar
 17857 | Lair:2   | Reached skill level 14 in Axes
 18110 | Lair:2   | Found a frozen archway.
 18125 | Lair:2   | Reached XP level 13. HP: 74/114 MP: 17/17
 18321 | IceCv    | Entered an ice cave
 18343 | IceCv    | Found a transporter.
 18357 | IceCv    | Found a transporter.
 20791 | Lair:4   | Received a gift from Okawaru
 20855 | Lair:4   | Found a staircase to the Snake Pit.
 20980 | Lair:4   | Slain by a komodo dragon

Illustrated notes

Levels and vault maps discovered:
D:1:      onia_arrival_handbag, layout_basic
D:2:      layout_basic, basic_altar, shapermc_ecumenical_altar_gd,
          grunt_ministairs_8
D:3:      layout_loops_ring
D:4:      layout_cave_pools, gammafunk_temple_overflow_claw,
          hangedman_decor_riveting, nicolae_shop_self_help
D:5:      minmay_chambers_of_fours, layout_gridville,
          gammafunk_temple_overflow_arena, minmay_temple_entry_junction,
          serial_shops, nicolae_square_shop, minmay_stone_trees_medium,
          minmay_diced_spiral, uniq_blork_the_orc, uniq_grinder
D:6:      layout_layer_cave, enter_ossuary_2, palyth_stone_intersect
D:7:      lemuel_castle_with_subvaults [lemuel_castle_interior_carwin_1],
          layout_gridville, nemelex_dance_club_becter, minmay_lizard_king
D:8:      layout_basic, david_lair_generic, uniq_prince_ribbit1, uniq_joseph,
          uniq_harold, uniq_grum, uniq_maurice
D:9:      layout_long_grid, mainiacjoe_overflow_concentric_impassable,
          uniq_erolcha
D:10:     layout_loops_corners, corexii_leaking_fountain, nicolae_shop_gadgets
D:11:     layout_basic, orc_0_dummy, kennysheep_cluttered_room,
          kennysheep_generic_room_7, uniq_psyche, uniq_urug
D:12:     layout_small_grid
Temple:   eino_temple_rhombus
Lair:1:   layout_regular_city, dpeg_stationary_puzzle, serial_bayou_shore_a,
          serial_bayou_shore_b, uniq_erica, uniq_fannar
Lair:2:   layout_concentric_octagons, portal_ice_cave_entry_pillars_1,
          serial_bayou_shore_b
Lair:3:   layout_cave_pods
Lair:4:   layout_cave_pods, minmay_swamp_entry_wisps,
          guppyfry_snake_entry_island, st_stairs_9

Skill      XL: |  1  2  3  4  5  6  7  8  9 10 11 12 13 |
---------------+----------------------------------------+-----
Axes           | 3 4 6 8 9 11 12 14 | 14.8
Dodging        | 1 2 3 4 5 6 7 9 |  9.6
Fighting       | 4 5 6 7 8 9 10 11 | 11.1
Armour         | 4 5 6 7 8 9 10 11 | 11.2
Shields        | 4 5 6 7 8 9 10 11 | 11.2
Invocations    | 1 2 4 5 6 7 8 |  8.0
Throwing       | 3 4 5 6 |  6.1

Action                   |  1- 3 |  4- 6 |  7- 9 | 10-12 | 13-15 || total
-------------------------+-------+-------+-------+-------+-------++-------
Melee: War axe           |    57 |       |       |       |       ||    57
       Headbutt          |    12 |    16 |    60 |   155 |    63 ||   306
       Broad axe         |       |    73 |   256 |   542 |   172 ||  1043
       Spear             |       |       |       |       |     9 ||     9
       Scimitar          |       |       |       |       |     5 ||     5
Throw: Boomerang         |       |       |     1 |    12 |       ||    13
       Javelin           |       |       |       |       |     3 ||     3
Invok: Heroism           |       |       |     2 |    17 |     2 ||    21
       Finesse           |       |       |       |     3 |     1 ||     4
Evoke: Wand              |       |       |       |     1 |       ||     1
  Use: Potion            |       |     1 |       |       |     3 ||     4
       Scroll            |       |       |       |     8 |     1 ||     9
Armor: Scale mail        |    30 |     5 |       |       |       ||    35
       Chain mail        |       |    31 |   135 |   261 |    91 ||   518
Dodge: Dodged            |    24 |    35 |   113 |   258 |   130 ||   560
Block: Buckler           |    12 |    14 |    62 |   168 |    74 ||   330

Table legend: (Time is in decaauts)
 A = Elapsed time spent in this place.
 B = Non-inter-level travel time spent in this place.
 C = Inter-level travel time spent in this place.
 D = Time resting spent in this place.
 E = Time spent auto-exploring this place.
 F = Levels seen in this place.
 G = Mean time per level.
                   A        B        C        D        E       F      G
               +--------+--------+--------+--------+--------+-----+--------+
         Total |  21017 |  20193 |    824 |   3613 |  13658 |  19 | 1106.2 |
       Dungeon |  16383 |  15691 |    692 |   2878 |  10599 |  12 | 1365.2 |
        Temple |    150 |    135 |     15 |      0 |    123 |   1 |  150.0 |
          Lair |   4029 |   3913 |    116 |    686 |   2708 |   4 | 1007.2 |
       Ossuary |    256 |    256 |      0 |      0 |    152 |   1 |  256.0 |
      Ice Cave |    197 |    197 |      0 |     49 |     76 |   1 |  197.0 |
               +--------+--------+--------+--------+--------+-----+--------+

Top non-repeatable levels by time:
     D:7: 2361 daAuts
     D:8: 2261 daAuts
     D:5: 1758 daAuts
  Lair:3: 1540 daAuts
    D:11: 1537 daAuts
     D:6: 1528 daAuts
    D:12: 1411 daAuts
  Lair:1: 1371 daAuts
     D:9: 1317 daAuts
    D:10: 1148 daAuts
     D:2: 901 daAuts
     D:1: 883 daAuts
  Lair:2: 830 daAuts
     D:3: 638 daAuts
     D:4: 635 daAuts
